 Dungeon Crawl Stone Soup version 0.28-a0-535-g6f645e4c1d (webtiles) character file.

Game seed: 13887952385435228667

7907 bande the Cleaver (level 11, -8/69 HPs)
             Began as a Gargoyle Fighter on Sept 27, 2021.
             Mangled by a slime creature (12 damage)
             ... on level 9 of the Dungeon.
             The game lasted 00:22:34 (8604 turns).

bande the Cleaver (Gargoyle Fighter)                Turns: 8604, Time: 00:22:35

Health: -8/69      AC: 26    Str: 21    XL:     11   Next: 22%
Magic:  0/11       EV:  6    Int:  7    God:
Gold:   384        SH:  5    Dex: 11    Spells: 10/10 levels left

rFire   + . .      SeeInvis +   a - +7 war axe (vamp)
rCold   + . .      Faith    .   c - +0 buckler
rNeg    + + +      Spirit   +   A - +0 plate armour
rPois   ∞          Reflect  .   j - +1 helmet "Tetair" {rN++ Regen+ Int-2}
rElec   +          Harm     .   E - scarf {rC+ rF+}
rCorr   .          Rampage  .   G - +0 pair of gloves
Will    +....                   F - +0 pair of boots
Stlth   ..........              s - amulet of guardian spirit
HPRegen 1.21/turn               t - ring of willpower
MPRegen 0.12/turn               o - ring of see invisible

@: no status effects
A: sickness immunity, AC +8, negative energy resistance 1, electricity
resistance, torment resistance 1, petrification resistance
a: no special abilities


You were on level 9 of the Dungeon.
You visited 2 branches of the dungeon, and saw 10 of its levels.
You also visited: Ossuary.

You collected 552 gold pieces.
You spent 168 gold pieces at shops.

Inventory:

Hand Weapons
 a - a +7 vampiric war axe (weapon)
 w - a +0 war axe
 C - a +2 morningstar
Armour
 c - a +0 buckler (worn)
 j - the +1 helmet "Tetair" (worn) {rN++ Regen+ Int-2}
   (You took it off Robin on level 2 of the Dungeon)

   Int:       It affects your intelligence (-2).
   rN:        It greatly protects you from negative energy.
   Regen:     It increases your rate of health regeneration.
 l - a +1 cloak
 A - a +0 plate armour (worn)
 E - a scarf of resistance (worn)
 F - a +0 pair of boots (worn)
 G - a +0 pair of gloves (worn)
Jewellery
 e - a ring of magical power
 o - a ring of see invisible (right hand)
 q - a ring of ice
 s - an amulet of guardian spirit (around neck)
 t - a ring of willpower (left hand)
 z - an amulet of regeneration
Wands
 k - a wand of flame (19)
 y - a wand of iceblast (10)
 B - a wand of acid (9)
 I - a wand of polymorph (2)
Scrolls
 b - 4 scrolls of identify
 g - 5 scrolls of teleportation
 m - a scroll of enchant weapon
 u - 3 scrolls of blinking
 v - 2 scrolls of amnesia
 x - a scroll of enchant armour
 D - a scroll of magic mapping
Potions
 d - 5 potions of might
 f - 2 potions of berserk rage
 h - 6 potions of heal wounds
 i - 6 potions of curing
 n - 2 potions of cancellation
 p - 2 potions of haste
 r - 2 potions of flight
 H - 2 potions of magic {unknown}


   Skills:
 + Level 8.5 Fighting
 + Level 11.4 Axes
 + Level 8.0 Armour
 - Level 0.4 Dodging
 - Level 0.3 Stealth
 + Level 5.8 Shields
 * Level 4.3 Evocations


You had 10 spell levels left.
You didn't know any spells.
Your spell library contained the following spells:

 Spells                   Type           Power      Damage    Failure   Level
 Sting                    Tmut/Pois      0%         1d3       100%        1
 Poisonous Vapours        Pois/Air       0%         N/A       100%        2
 Slow                     Hex            0%         N/A       100%        2
 Confusing Touch          Hex            0%         N/A       100%        3
 Gell's Gravitas          Tloc           0%         N/A       100%        3
 Lesser Beckoning         Tloc           0%         N/A       100%        3
 Teleport Other           Tloc           0%         N/A       100%        3
 Vampiric Draining        Necr           0%         2d6       100%        3
 Olgreb's Toxic Radiance  Pois           0%         N/A       100%        4


Dungeon Overview and Level Annotations

Branches:
Dungeon (9/15)             Temple (1/1) D:7         Ossuary (visited)
   Lair: D:8-11         Orc: D:9-12

Altars:
Ashenzari
Cheibriados
Dithmenos
Elyvilon
Fedhas
Gozag
Hepliaklqana
Kikubaaqudgha
Makhleb
Nemelex Xobeh
Ru
Sif Muna
Trog
Uskayaw
Vehumet
Wu Jian
Xom
Yredelemnul
Zin
The Shining One

Shops:
D:3 ?   D:5 *   D:8 !

Annotations:
D:7 2 transporters, heikuro's ghost, novice MiBe


Innate Abilities, Weirdness & Mutations

You are immune to sickness and miasma.
Your stone body is resilient. (AC +8)
You are immune to poison.
You resist negative energy. (rN+)
You are resistant to electric shocks. (rElec)
You are resistant to unholy torment.
You are immune to petrification.


Message History

The slime creature hits you!
You barely miss the slime creature.
The slime creature is moderately wounded.
The slime creature hits you.
You are too injured to fight recklessly!
You are too injured to fight recklessly!
You are too injured to fight recklessly!
You are too injured to fight recklessly!
You are too injured to fight recklessly!
You are too injured to fight recklessly!
Unknown command.
Things that are here:
a +0 giant spiked club; a +0 giant club; a two-headed ogre corpse
There is an open door here.
The centaur warrior shoots an arrow.
You block the arrow.
The centaur warrior shoots an arrow.
The arrow hits you but does no damage.
The centaur warrior shoots an arrow.
The arrow hits you!
Found a stone staircase leading down.
The centaur warrior shoots an arrow.
The arrow hits you!
The centaur warrior unwields a +0 longbow.
The centaur warrior barely misses you.
The centaur warrior kicks you but does no damage.
A centaur warrior opens the door.
Found a scale mail.
The centaur warrior wields a +0 longbow.
The centaur warrior shoots an arrow.
The arrow hits you.
You hear a shout!
You hear a croak.
The centaur warrior shoots an arrow.
The arrow barely misses you.
The centaur warrior shoots an arrow.
The arrow hits you but does no damage.
Something unseen opens the door.
The centaur warrior shoots an arrow.
The arrow hits you!
The centaur warrior shoots an arrow.
You block the arrow.
The centaur warrior shoots an arrow.
The arrow hits you!
* * * LOW HITPOINT WARNING * * *
The centaur warrior shoots an arrow.
The arrow hits you but does no damage.
The centaur warrior shoots an arrow.
The arrow hits you!!
* * * LOW HITPOINT WARNING * * *
There is a stone staircase leading up here.
The slime creature hits you!
You die...

#.##.# .....## #.#..' + #.#..#
.# #.#..# [. ##.#..###'#####+#
..######..c.............
..........c.##..........
#....@J...####.###....
#....)....# #.#.#.#..
#......)..# #>.#..##.
#.<.......# ..###..#.
...........###.## ##.#.
###<...........## ##.. #
#.........###.## ##...
#.#####.........###..###..#.
###.....................#...#.


You could see a slime creature and 2 centaur warriors.

Vanquished Creatures
  A catoblepas (D:9)
  2 two-headed ogres
  2 hornets
  2 wyverns (D:8)
  3 yaks (D:8)
  2 steam dragons (D:8)
  Menkaure (D:6)
  2 water moccasins
  2 orc warriors
  3 necrophages
  A hornet zombie (Ossuary)
  2 centaurs
  2 phantoms
  Blork the orc (D:6)
  A kobold brigand (D:7)
  A gnoll sergeant (D:5)
  5 wyvern zombies
  A bullfrog (D:6)
  3 water moccasin zombies (Ossuary)
  7 scorpions
  3 water moccasin skeletons
  8 wights
  3 howler monkeys
  A vampire bat (D:6)
  An electric eel (D:6)
  3 hounds
  3 bullfrog zombies (Ossuary)
  9 centaur zombies
  A jelly (D:4)
  5 orc priests
  Crazy Yiuf (D:6)
  3 centaur skeletons
  3 bullfrog skeletons
  11 mummies (Ossuary)
  2 iguanas
  7 orc wizards
  Ijyb (D:5)
  3 killer bee zombies
  3 howler monkey zombies
  Robin (D:2)
  3 howler monkey skeletons
  5 gnolls
  12 adders
  2 worms (D:3)
  6 dart slugs
  26 orcs
  12 ball pythons
  3 endoplasms
  5 giant cockroaches
  12 goblins
  14 hobgoblins
  10 jackals (D:2)
  8 kobolds
  9 quokkas
  21 bats
  5 frilled lizards
  2 goblin zombies (D:4)
  7 rats
  A bush (D:8)
279 creatures vanquished.

Vanquished Creatures (others)
  3 plants (D:8)
  4 withered plants (Ossuary)
7 creatures vanquished.

Grand Total: 286 creatures vanquished

Notes
Turn   | Place    | Note
-------+----------+-------------------------------------------
     0 | D:1      | bande the Gargoyle Fighter began the quest for the Orb.
     0 | D:1      | Reached XP level 1. HP: 14/14 MP: 1/1
   137 | D:1      | Reached XP level 2. HP: 19/19 MP: 2/2
   301 | D:1      | Reached skill level 2 in Axes
   362 | D:1      | Reached XP level 3. HP: 21/24 MP: 3/3
  1178 | D:2      | Reached XP level 4. HP: 16/29 MP: 4/4
  1479 | D:2      | Identified the +1 helmet "Tetair" {rN++ Regen+ Int-2}
  1479 | D:2      | Noticed Robin
  1492 | D:2      | Killed Robin
  1493 | D:2      | Reached skill level 3 in Axes
  1841 | D:3      | Reached XP level 5. HP: 33/33 MP: 5/5
  2069 | D:3      | Reached skill level 4 in Axes
  2089 | D:3      | Reached XP level 6. HP: 38/39 MP: 6/6
  2379 | D:3      | Found Cien Pug's Magic Scroll Shoppe.
  2455 | D:4      | Reached XP level 7. HP: 40/44 MP: 7/7
  2521 | D:4      | Found a sand-covered staircase.
  2529 | Ossuary  | Entered an ossuary
  2544 | Ossuary  | Reached skill level 5 in Axes
  2576 | Ossuary  | Reached skill level 5 in Fighting
  2604 | Ossuary  | Reached skill level 6 in Axes
  2651 | Ossuary  | Reached XP level 8. HP: 46/49 MP: 8/8
  2686 | Ossuary  | Reached skill level 5 in Armour
  2733 | Ossuary  | Reached skill level 7 in Axes
  3628 | D:4      | Reached skill level 8 in Axes
  3713 | D:4      | Reached XP level 9. HP: 55/55 MP: 9/9
  3914 | D:5      | Entered Level 5 of the Dungeon
  4203 | D:5      | Found Bisuamaj's Gadget Gallery.
  4589 | D:5      | Found a large runed translucent door.
  4590 | D:5      | Found a large runed translucent door.
  4835 | D:5      | Noticed Ijyb
  4845 | D:5      | Killed Ijyb
  4995 | D:5      | Found a shimmering blue altar of Sif Muna.
  5352 | D:5      | Found a burning altar of Makhleb.
  5371 | D:5      | Found an ancient bone altar of Kikubaaqudgha.
  5512 | D:6      | Reached skill level 9 in Axes
  5512 | D:6      | Reached skill level 5 in Shields
  5673 | D:6      | Noticed a hornet
  5691 | D:6      | Killed a hornet
  5729 | D:6      | Found a runed translucent door.
  5730 | D:6      | Noticed Crazy Yiuf
  5749 | D:6      | Found a shimmering altar of Xom.
  5777 | D:6      | Reached skill level 1 in Evocations
  5821 | D:6      | Noticed Blork the orc
  5835 | D:6      | Killed Blork the orc
  5853 | D:6      | Noticed Menkaure
  5865 | D:6      | Killed Menkaure
  5866 | D:6      | Reached XP level 10. HP: 63/63 MP: 6/10
  6129 | D:6      | Reached skill level 10 in Axes
  6319 | D:6      | Killed Crazy Yiuf
  6451 | D:7      | Found a staircase to the Ecumenical Temple.
  6457 | Temple   | Entered the Ecumenical Temple
  6736 | D:7      | Noticed a death knight
  6739 | D:7      | Found a transporter.
  6739 | D:7      | Noticed heikuro's ghost (novice MiBe)
  6747 | D:7      | Found a transporter.
  7206 | D:7      | Found a sparkling altar of Nemelex Xobeh.
  7804 | D:8      | Found Lydas's Distillery.
  7841 | D:8      | Bought 2 potions of heal wounds for 120 gold pieces
  7841 | D:8      | Bought a potion of might for 48 gold pieces
  8264 | D:9      | Noticed a two-headed ogre
  8295 | D:8      | Killed a two-headed ogre
  8296 | D:8      | Reached skill level 11 in Axes
  8296 | D:8      | Reached XP level 11. HP: 55/68 MP: 6/11
  8509 | D:9      | Noticed a two-headed ogre
  8519 | D:9      | Killed a two-headed ogre
  8561 | D:9      | Noticed a centaur warrior
  8561 | D:9      | Noticed a centaur warrior
  8562 | D:9      | Noticed a catoblepas
  8574 | D:9      | Killed a catoblepas
  8603 | D:9      | HP: 3/69 [centaur warrior/arrow (17)]
  8604 | D:9      | Mangled by a slime creature

Illustrated notes

Levels and vault maps discovered:
D:1:      wander_arrival_lonely_grave, layout_basic
D:2:      layout_basic, minmay_nonomino_d4, uniq_robin
D:3:      layout_rooms, serial_shops, shop_statue, minmay_pentomino_pile
D:4:      layout_layer_cave, enter_ossuary_4, minmay_goblin_kobold_house
D:5:      old_forge, layout_layer_cave, lemuel_blue_sif_altar,
          jmf_multi_god_temple2, nicolae_shop_gadgets, uniq_ijyb
D:6:      layout_loops_ring, tgw_xom, roderic_batcave, minmay_misc_feat_tiny,
          kennysheep_potato, uniq_blork_the_orc, uniq_menkaure,
          uniq_crazy_yiuf_cottage
D:7:      layout_loops_ring, mainiacjoe_overflow_24_doors,
          minmay_temple_entry_trees, gammafunk_ghost_arena,
          hangedman_decor_riveting
D:8:      layout_rooms, serial_shops, shop, st_stairs_14,
          kb_lookout_dungeons_type, serial_bayou_crossing
D:9:      minmay_the_grid_square_5x5_4x4
          [minmay_the_grid_square_5x5_half_checkered,
          minmay_the_grid_square_5x5_two, minmay_the_grid_square_5x5_inner_i,
          minmay_the_grid_square_5x5_lines,
          minmay_the_grid_square_5x5_inverted_slash,
          minmay_the_grid_square_5x5_prize_snowflake,
          minmay_the_grid_square_5x5_prize_deathbox,
          minmay_the_grid_square_5x5_inset,
          minmay_the_grid_square_5x5_intrusive_squares,
          minmay_the_grid_square_5x5_prize_itemx,
          minmay_the_grid_square_5x5_prize_gold, minmay_the_grid_square_5x5_n,
          minmay_the_grid_square_5x5_corner, minmay_the_grid_square_5x5_percent,
          minmay_the_grid_square_5x5_broken_cross,
          minmay_the_grid_square_5x5_six], layout_loops_ring
Temple:   regret_index_temple_generic_petals

Skill      XL: |  1  2  3  4  5  6  7  8  9 10 11 |
---------------+----------------------------------+-----
Axes           | 2 3 4 6 8 9 11 | 11.4
Fighting       | 4 5 6 7 8 |  8.5
Armour         | 4 5 6 7 8 |  8.0
Shields        | 4 5 |  5.8
Evocations     | 1 3 4 |  4.3
Dodging        | |  0.4
Stealth        | |  0.3

Action                   |  1- 3 |  4- 6 |  7- 9 | 10-12 || total
-------------------------+-------+-------+-------+-------++-------
Melee: War axe           |    70 |   153 |   468 |   289 ||   980
  Use: Scroll            |     4 |     7 |     4 |     7 ||    22
       Potion            |     1 |       |       |       ||     1
Armor: Scale mail        |    80 |    18 |       |       ||    98
       Chain mail        |       |    85 |   276 |       ||   361
       Plate armour      |       |       |    45 |   223 ||   268
Dodge: Dodged            |    68 |    64 |   173 |    97 ||   402
Block: Buckler           |    18 |    34 |   104 |    75 ||   231

Table legend: (Time is in decaauts)
 A = Elapsed time spent in this place.
 B = Non-inter-level travel time spent in this place.
 C = Inter-level travel time spent in this place.
 D = Time resting spent in this place.
 E = Time spent auto-exploring this place.
 F = Levels seen in this place.
 G = Mean time per level.
                   A        B        C        D        E       F      G
               +--------+--------+--------+--------+--------+-----+--------+
         Total |   8767 |   8594 |    173 |    855 |   5330 |  11 |  797.0 |
       Dungeon |   7968 |   7829 |    139 |    850 |   4908 |   9 |  885.3 |
        Temple |    266 |    232 |     34 |      0 |    226 |   1 |  266.0 |
       Ossuary |    532 |    532 |      0 |      5 |    196 |   1 |  532.0 |
               +--------+--------+--------+--------+--------+-----+--------+

Top non-repeatable levels by time:
     D:5: 1348 daAuts
     D:4: 1222 daAuts
     D:1: 1129 daAuts
     D:6: 1031 daAuts
     D:8: 889 daAuts
     D:7: 847 daAuts
     D:3: 786 daAuts
     D:2: 558 daAuts
 Ossuary: 532 daAuts
  Temple: 266 daAuts
     D:9: 154 daAuts
